 Dungeon Crawl Stone Soup version 0.30-a0-772-g5528072125 (webtiles) character file.

Game seed: 6260123067176989806

58 Crownlay the Digger (level 4, -4/24 HPs)
             Began as a Gargoyle Earth Elementalist on Feb 12, 2023.
             Killed from afar by a white imp (7 damage)
             ... with a puff of frost
             ... summoned by Natasha
             ... on level 2 of the Dungeon.
             The game lasted 00:01:20 (1161 turns).

Crownlay the Digger (Gargoyle Earth Elementalist)   Turns: 1161, Time: 00:01:20

Health: -4/24      AC:  5    Str: 12    XL:     4   Next: 1%
Magic:  0/9        EV: 11    Int: 17    God:
Gold:   47         SH:  0    Dex: 10    Spells: 5/9 levels left

rFire   . . .      SeeInvis .    (no weapon)
rCold   . . .      Faith    .    (no shield)
rNeg    + . .      Spirit   .    a - +0 robe
rPois   ∞          Reflect  .    (no helmet)
rElec   +          Harm     .    (no cloak)
rCorr   .          Rampage  .    (no gloves)
Will    .....                    (no boots)
Stlth   ++                       (no amulet)
HPRegen 0.24/turn                (no ring)
MPRegen 0.11/turn                (no ring)

@: very slightly contaminated, slowed, very slow
A: sickness immunity, AC +3, negative energy resistance 1, electricity
resistance, torment resistance 1, petrification resistance
a: no special abilities


You were on level 2 of the Dungeon.
You visited 1 branch of the dungeon, and saw 2 of its levels.

You collected 47 gold pieces.

Inventory:

Armour
 a - a +0 robe (worn)
Scrolls
 c - 2 scrolls of teleportation {unknown}
 e - 2 scrolls of brand weapon {unknown}
 f - 2 scrolls of enchant weapon {unknown}
 g - a scroll of immolation {unknown}
 i - 3 scrolls of identify {unknown}
Potions
 b - a potion of magic
 d - a potion of curing {unknown}
 h - a potion of lignification {unknown}


   Skills:
 - Level 1.5 Dodging
 - Level 2.1 Stealth
 * Level 3.3 Spellcasting
 - Level 0.7 Transmutations
 + Level 4.4 Earth Magic


You had 5 spell levels left.
You knew the following spells:

 Your Spells              Type           Power      Damage    Failure   Level
a - Sandblast             Erth           34%        2d9       2%          1
b - Stone Arrow           Conj/Erth      20%        3d8       21%         3

Your spell library contained the following spells:

 Spells                   Type           Power      Damage    Failure   Level
 Passwall                 Tmut/Erth      9%         N/A       9%          2
 Ignite Poison            Fire/Tmut/Pois 3%         N/A       41%         3
 Kindle Blastsparks       Fire/Tloc/Air  4%         2d10      45%         3
 Petrify                  Tmut/Erth      11%        N/A       52%         4
 Freezing Cloud           Conj/Ice/Air   1%         6-21      99%         5


Dungeon Overview and Level Annotations

Branches:
Dungeon (2/15)

Altars:

Shops:
D:1 (:

Annotations:
D:2 Natasha


Innate Abilities, Weirdness & Mutations

You are immune to sickness and miasma.
Your stone body is resilient. (AC +3)
You are immune to poison.
You resist negative energy. (rN+)
You are resistant to electric shocks. (rElec)
You are resistant to unholy torment.
You are immune to petrification.


Message History

The blast of sand hits the bat.
The bat is severely wounded.
The bat hits you but does no damage.
The blast of sand misses the bat.
The bat barely misses you.
The blast of sand hits the bat!
You kill the bat!
You have reached level 4!
You feel stronger.
Natasha, Servant of Life and Death comes into view.
The blast of sand hits Natasha!
Natasha is severely wounded.
Natasha casts a spell at you.
You feel yourself slow down.
The blast of sand misses Natasha.
Natasha claws you. x2
You are out of magic!
You hit Natasha.
Natasha is almost dead.
Natasha barely misses you.
Natasha stares at you and mumbles some strange words.
The magic dart hits you!
* * * LOW HITPOINT WARNING * * *
Casting: Sandblast (safe; 2% risk of failure)
Confirm with . or Enter, or press ? or * to list all spells.
Aiming: Sandblast (safe; 2% risk of failure)
Press: ? - help, Shift-Dir - straight line, f/p - Natasha
Aim: Natasha (almost dead, 77% to hit)
You miscast Sandblast.
You are very lightly contaminated with residual magic.
Nothing appears to happen.
Natasha casts a spell.
You hit Natasha.
Natasha is almost dead.
Natasha barely misses you.
The white imp shouts, "Remove thy stench, thou reeling-ripe doghearted flax-wench!"
Natasha claws you.
* * * LOW HITPOINT WARNING * * *
The white imp misses you.
Natasha casts a spell.
The white imp gestures at you. The puff of frost hits you!
You die...

##### ##### #[..# #....
# #...##5h# #.##...#<.#
> ........## ##.
..#....### #..
.#..#...# #.#
..<....@### #.#
...##.....# #.#
#####5## ###.######
#h.# ##.<...#...
##.###..........
#5.............
###............
###########............
.......................


You could see Natasha, a crimson imp (summoned) and a white imp (summoned).

Vanquished Creatures
  Natasha (D:2)
  2 dart slugs
  2 ball pythons
  2 endoplasms (D:1)
  A giant cockroach (D:2)
  4 goblins (D:1)
  5 hobgoblins
  2 jackals (D:2)
  2 bats (D:2)
  2 frilled lizards
  2 kobolds (D:1)
  4 rats (D:1)
29 creatures vanquished.

Notes
Turn   | Place    | Note
-------+----------+-------------------------------------------
     0 | D:1      | Crownlay the Gargoyle Earth Elementalist began the quest
                  | for the Orb.
     0 | D:1      | Reached XP level 1. HP: 10/10 MP: 3/3
   285 | D:1      | Reached XP level 2. HP: 15/15 MP: 3/5
   336 | D:1      | Found Selabe's Weapon Emporium.
   383 | D:1      | Found a faded altar of an unknown god.
   616 | D:1      | Found Norghouca's Vocational Training.
   803 | D:1      | Reached skill level 4 in Earth Magic
   931 | D:2      | Reached XP level 3. HP: 19/19 MP: 5/7
   935 | D:2      | Learned a level 3 spell: Stone Arrow
   935 | D:2      | Noticed Natasha
  1146 | D:2      | Killed Natasha
  1150 | D:2      | Reached XP level 4. HP: 22/24 MP: 1/9
  1153 | D:2      | Noticed Natasha
  1161 | D:2      | Killed from afar by a white imp

Illustrated notes

Levels and vault maps discovered:
D:1:      sevenhm_arrival_forest_fort_small_4, layout_basic,
          shapermc_ecumenical_altar_ellora, serial_shops, shop,
          serial_bayou_ford_a, minivault_26, nicolae_shop_vocational
D:2:      layout_rooms, serial_shops, nicolae_shop_hallway_plus,
          grunt_ministairs_14, uniq_natasha

Skill      XL: |  1  2  3 |
---------------+----------+-----
Earth Magic    | 4 |  4.4
Spellcasting   | 3 |  3.3
Dodging        | |  1.5
Stealth        | |  2.1
Transmutations | |  0.7

Action                     |  1- 3 |  4- 6 || total
---------------------------+-------+-------++-------
  Melee: Unarmed           |     7 |     2 ||     9
   Cast: Sandblast         |    42 |     2 ||    44
 Armour: Robe              |    11 |       ||    11
  Dodge: Dodged            |    13 |     3 ||    16

Table legend: (Time is in decaauts)
 A = Elapsed time spent in this place.
 B = Non-inter-level travel time spent in this place.
 C = Inter-level travel time spent in this place.
 D = Time resting spent in this place.
 E = Time spent auto-exploring this place.
 F = Levels seen in this place.
 G = Mean time per level.
                   A        B        C        D        E       F      G
               +--------+--------+--------+--------+--------+-----+--------+
         Total |   1215 |   1125 |     90 |      0 |    955 |   2 |  607.5 |
       Dungeon |   1215 |   1125 |     90 |      0 |    955 |   2 |  607.5 |
               +--------+--------+--------+--------+--------+-----+--------+

Top non-repeatable levels by time:
     D:1: 1053 daAuts
     D:2: 161 daAuts
